 Dungeon Crawl Stone Soup version 0.32-a0-933-ga8fa3634e4 (webtiles) character file.

Game seed: 5157189923027283290

273 Heh the Trooper (level 6, -12/49 HPs)
             Began as a Coglin Warper on Apr 15, 2024.
             Mangled by a sleepcap (20 damage)
             ... on level 4 of the Dungeon.
             The game lasted 00:03:41 (2668 turns).

Heh the Trooper (Coglin Warper)                     Turns: 2668, Time: 00:03:42

Health: -12/49     AC:  0    Str: 11    XL:     6   Next: 24%
Magic:  8/8        EV:  2    Int: 12    God:
Gold:   187        SH:  0    Dex: 16    Spells: 3/8 levels left

rFire   . . .        a - +0 falchion {Synnove}
rCold   . . .        u - +0 short sword {Tiedemann}
rNeg    . . .        t - +2 robe {Will+}
rPois   .            m - +2 helmet
rElec   .            (no cloak)
rCorr   .            q - +0 pair of gloves
SInv    .            (no boots)
Will    +....        (amulet unavailable)
Stlth   +            (ring unavailable)
HPRegen 0.28/turn    (ring unavailable)
MPRegen 0.11/turn    (no gizmo)

%: no passive effects
@: sleeping, corroded, revved
A: off-hand wielding, slow wielding, warmup strikes, no jewellery
a: Invent Gizmo


You were on level 4 of the Dungeon.
You visited 1 branch of the dungeon, and saw 4 of its levels.

You collected 187 gold pieces.

Inventory:

Hand Weapons
 a - a +0 falchion (weapon) {Synnove}
 e - a +0 dagger {Akiya}
 u - a +0 short sword (offhand) {Tiedemann}
Missiles
 d - 7 darts of dispersal
 l - 10 poisoned darts (quivered)
Armour
 b - a +0 leather armour
 h - a +0 helmet
 k - a +0 chain mail
 m - a +2 helmet (worn)
 q - a +0 pair of gloves (worn)
 r - a +0 ring mail
 t - a +2 robe of willpower (worn)
Scrolls
 c - 2 scrolls of blinking
 f - a scroll of noise {unknown}
 g - 3 scrolls of identify {unknown}
 i - 2 scrolls of revelation {unknown}
 o - 2 scrolls of fog {unknown}
 p - a scroll of poison {unknown}
Potions
 j - a potion of cancellation {unknown}
 n - 2 potions of brilliance {unknown}
 s - a potion of curing {unknown}


   Skills:
 + Level 4.7 Fighting
 + Level 4.6 Long Blades
 - Level 0.8 Throwing
 - Level 0.8 Armour
 - Level 1.7 Dodging
 - Level 1.7 Spellcasting
 - Level 3.0 Translocations


You had 3 spell levels left.
You knew the following spells:

 Your Spells              Type           Power      Damage    Failure   Level
a - Blink                 Tloc           16%        N/A       12%         2
b - Teleport Other        Tloc           8%         N/A       24%         3

Your spell library contained the following spells:

 Spells                   Type           Power      Damage    Failure   Level
 Lesser Beckoning         Tloc           16%        N/A       12%         2
 Maxwell's Portable Pile  Tloc           8%         2d(6-16)  24%         3
 Volatile Blastmotes      Fire/Tloc      8%         2d10      41%         3
 Iskenderun's Mystic Bla Conj/Tloc 4%             2d3        (+2d1     83%         4
 Vhi's Electric Charge    Tloc/Air       8%         N/A       83%         4
 Fulminant Prism          Conj/Alch      0%         3d5       95%         4


Dungeon Overview and Level Annotations

Branches:
Dungeon (4/15)
 Temple: D:4-7

Altars:
Sif Muna

Shops:
D:2 =


Innate Abilities, Weirdness & Mutations

You can wield a second weapon in your off-hand.
It takes a long time for you to wield or remove held weapons.
Your first few attacks do less damage.
You cannot equip rings or amulets.


Message History

You are too injured to fight recklessly!
You are too injured to fight recklessly!
You are too injured to fight recklessly!
You are too injured to fight recklessly!
You are too injured to fight recklessly!
You are too injured to fight recklessly!
You are too injured to fight recklessly!
You are too injured to fight recklessly!
You are too injured to fight recklessly!
You are too injured to fight recklessly!
You are too injured to fight recklessly!
You are too injured to fight recklessly!
You are too injured to fight recklessly!
You are too injured to fight recklessly!
You are too injured to fight recklessly!
You are too injured to fight recklessly!
You are too injured to fight recklessly!
You are too injured to fight recklessly!
Unknown command.
You hit the jelly but do no damage.
Your graspers burn!
The jelly is severely wounded.
You hit the jelly with your +0 falchion.
You kill the jelly!
The sleepcap closely misses you.
You completely miss the sleepcap with your +0 falchion.
You hit the sleepcap but do no damage. The sleepcap completely misses you.
You hit the sleepcap but do no damage. x2
The sleepcap releases spores at you but does no damage.
You hit the sleepcap but do no damage. x2; The sleepcap closely misses you.
You hit the sleepcap but do no damage. x2; The sleepcap releases spores at you!
* * * LOW HITPOINT WARNING * * *
Unknown command.
You hit the sleepcap with your +0 falchion.
The sleepcap is lightly damaged.
You hit the sleepcap but do no damage. The sleepcap releases spores at you.
* * * LOW HITPOINT WARNING * * *
You are engulfed in a cloud of soporific spores!
You fall asleep.
The sleepcap releases spores at you!!
You die...

......##...
....###.#..#............
........#..#..##........
........#...............
........................
...........#.####.......
..........##<.##.....#..
.......f.............##.
.......@.............###
$.....................##
..###.....#............#
#.....#..#..........
.......##.#..........
......####............
#...#.## ##.........#.
##.### #.......####.
##......# ##


You could see a sleepcap.

Vanquished Creatures
  A phantom (D:4)
  2 jellies (D:4)
  A bombardier beetle (D:4)
  Jessica (D:3)
  Terence (D:3)
  A ribbon worm (D:2)
  An orc (D:3)
  5 ball pythons
  6 endoplasms
  3 giant cockroaches
  3 goblins
  2 hobgoblins
  3 quokkas
  10 bats
  8 frilled lizards
  9 kobolds
  8 rats
65 creatures vanquished.

Notes
Turn   | Place    | Note
-------+----------+-------------------------------------------
     0 | D:1      | Heh the Coglin Warper began the quest for the Orb.
     0 | D:1      | Reached XP level 1. HP: 16/16 MP: 3/3
    42 | D:1      | Found a faded altar of an unknown god.
   240 | D:1      | Reached XP level 2. HP: 23/23 MP: 4/4
   809 | D:2      | Reached XP level 3. HP: 28/28 MP: 5/5
  1196 | D:2      | Found Sagrig's Jewellery Emporium.
  1648 | D:3      | Noticed Jessica
  1654 | D:3      | Killed Jessica
  1655 | D:3      | Reached XP level 4. HP: 35/35 MP: 6/6
  1670 | D:3      | Learned a level 2 spell: Blink
  1674 | D:3      | Learned a level 3 spell: Teleport Other
  1841 | D:3      | Noticed Terence
  1866 | D:3      | Killed Terence
  2166 | D:3      | Found a shimmering blue altar of Sif Muna.
  2334 | D:4      | Noticed a phantom
  2340 | D:4      | Reached XP level 5. HP: 33/42 MP: 7/7
  2349 | D:4      | Killed a phantom
  2481 | D:4      | Reached XP level 6. HP: 14/49 MP: 8/8
  2668 | D:4      | Mangled by a sleepcap

Illustrated notes

Levels and vault maps discovered:
D:1:      onia_arrival_pyramid, layout_loops_ring, serial_aquarium,
          aquarium_bridge_square [aquarium_subvault_balcony,
          aquarium_subvault_wall, aquarium_subvault_bridge,
          aquarium_subvault_wall], aquarium_window_1, aquarium_window_3,
          aquarium_window_corner, aquarium_window_corner, aquarium_view_2f,
          aquarium_view_2e, aquarium_pool_corner,
          ebering_ecumenical_altar_sacrificial
D:2:      layout_rooms, serial_forest, infiniplex_forest_straight_3,
          infiniplex_forest_zigzag_1, infiniplex_forest_end_2,
          infiniplex_forest_side_room, infiniplex_forest_straight_1,
          infiniplex_forest_lined_3_way, serial_shops, shop,
          minmay_gold_behind_fungi, minmay_liquid_box
D:3:      wander_river, layout_rooms, mainiacjoe_overflow_small_starburst,
          uniq_jessica, uniq_terence
D:4:      layout_cave_pools, nicolae_kikubaaqudgha_miasma_corner,
          dk_yredelemnul_ordeal, hangedman_abyss_or_decor_stabs

Skill      XL: |  1  2  3  4  5 |
---------------+----------------+-----
Fighting       | 3 4 |  4.7
Long Blades    | 3 4 |  4.6
Throwing       | |  0.8
Armour         | |  0.8
Dodging        | |  1.7
Spellcasting   | |  1.7
Translocations | |  3.0

Action                     |  1- 3 |  4- 6 || total
---------------------------+-------+-------++-------
  Melee: Falchion          |   213 |    61 ||   274
         Dagger            |   199 |    24 ||   223
         Short sword       |       |    33 ||    33
  Throw: Dart              |       |     3 ||     3
   Cast: Blink             |       |     2 ||     2
   Stab: Sleeping          |       |     1 ||     1
 Armour: Leather armour    |    50 |       ||    50
         Ring mail         |     3 |       ||     3
         Robe              |       |    44 ||    44
  Dodge: Dodged            |    83 |    38 ||   121

Table legend: (Time is in decaauts)
 A = Elapsed time spent in this place.
 B = Non-inter-level travel time spent in this place.
 C = Inter-level travel time spent in this place.
 D = Time resting spent in this place.
 E = Time spent auto-exploring this place.
 F = Levels seen in this place.
 G = Mean time per level.
                   A        B        C        D        E       F      G
               +--------+--------+--------+--------+--------+-----+--------+
         Total |   2695 |   2467 |    228 |      0 |   1842 |   4 |  673.8 |
       Dungeon |   2695 |   2467 |    228 |      0 |   1842 |   4 |  673.8 |
               +--------+--------+--------+--------+--------+-----+--------+

Top non-repeatable levels by time:
     D:1: 808 daAuts
     D:2: 807 daAuts
     D:3: 702 daAuts
     D:4: 377 daAuts
